Map: Acropolis LE

Players

DnS - Winner!

  • Race: Protoss Protoss
  • Spawn Location: 5:00

Miharu

  • Race: Zerg Zerg
  • Spawn Location: 11:00

VOD

Have the link to the VOD?

Description

Time

  • Played on: Sept. 6, 2019, 12:13 p.m.
  • Length: 6:34
Show
View Real Time Build Order
Export as new Build Order

DnS Protoss - Winner!

Build Orders: 1 Gate Expand, Oracle Opening 

Get SALT Encoding   

  12  0:01  Probe  
  13  0:13  Probe  
  14  0:17  Pylon  
  14  0:24  Probe  
  15  0:33  Probe  
  15  0:41  Gateway, Probe  
  16  0:46  Assimilator  
  17  0:51  Probe  
  18  1:03  Probe  
  19  1:15  Probe  
  20  1:29  Cybernetics Core  
  20  1:34  Nexus  
  20  1:37  Probe  
  21  1:44  Pylon  
  21  1:53  Probe  
  22  1:55  Assimilator  
  22  1:57  Adept  
  22  2:05  Probe  
  25  2:17  Probe, Adept  
  25  2:20  Stargate  
  26  2:29  Probe  
  29  2:38  Warp Gate  
  29  2:42  Probe  
  30  2:48  Probe  
  30  2:54  Probe  
  30  2:55  Stalker  
  30  2:56  Probe  
  34  3:02  Oracle  
  35  3:06  Gateway, Probe x2  
  40  3:18  Probe x2  
  42  3:28  Adept  
  42  3:30  Probe  
  42  3:34  Shield Battery  
  45  3:36  Void Ray  
  45  3:51  Shield Battery  
  45  3:54  Gateway, Pylon  
  45  4:05  Pylon  
  45  4:09  Pylon  
  45  4:13  Oracle  
  48  4:27  Stalker  
  48  4:28  Zealot  
  52  4:32  Pylon, Probe x2  
  52  4:33  Pylon  
  54  4:39  Assimilator  
  54  4:42  Twilight Council  
  54  4:44  Probe x2  
  56  4:56  Zealot  
  56  4:57  Zealot x2  
  56  4:58  Probe x2  
  64  5:02  Robotics Facility  
  64  5:19  Zealot x2  
  68  5:28  Gateway  
  68  5:29  Gateway  
  68  5:30  Gateway  
  68  5:44  Gateway  
  68  5:48  Gateway x2  
  68  5:49  Zealot x2  
  72  5:50  Warp Prism  
  74  6:01  Templar Archives  
  74  6:03  Gateway  
  74  6:05  Gateway  
  74  6:06  Pylon  
  74  6:12  Zealot x2  
  78  6:21  Pylon  
  78  6:22  Pylon  
  78  6:24  Zealot  
  80  6:25  Pylon  
Show
View Real Time Build Order
Export as new Build Order

Miharu Zerg 

Build Orders: Pool First 

Get SALT Encoding   

  12  0:01  Drone  
  13  0:11  Drone  
  14  0:17  Overlord  
  14  0:36  Drone  
  14  0:37  Drone  
  14  0:39  Drone  
  14  0:41  Extractor  
  16  0:47  Drone  
  17  0:53  Spawning Pool  
  16  0:58  Drone  
  17  1:18  Hatchery  
  16  1:40  Queen  
  16  1:41  Zergling x2  
  16  1:42  Zergling x4  
  21  1:53  Zergling x2  
  22  2:05  Overlord  
  22  2:20  Lair  
  22  2:25  Metabolic Boost  
  22  2:26  Zergling x4  
  24  2:33  Zergling x2  
  24  2:37  Queen  
  24  2:42  Zergling x2  
  25  2:53  Zergling x4  
  25  2:54  Zergling x2  
  28  3:01  Zergling x4  
  27  3:30  Zergling x10  
  27  3:31  Zergling x2  
  30  3:49  Zergling x2  
  30  3:50  Zergling x6  
  30  3:55  Nydus Network  
  33  4:07  Spore Crawler  
  24  4:18  Zergling x2  
  24  4:19  Zergling x2  
  23  4:49  Drone  
  24  5:10  Zergling x2  
  21  5:25  Drone  
  13  5:53  Drone x2  
  10  6:11  Drone  
  11  6:18  Drone  
Tags
 
Add a new tag
Caveats
  • Supply blocks, unpowered buildings, or Contaminate may cause inaccurate times.
  • Supply counts are checked every 10 seconds.